Diables vs Senators
Created - February 7, 2018 at 19:42
Goals
|
| Diables |
3 |
3 |
0 |
6 |
| Senators |
0 |
1 |
1 |
2 |
|
Shots
|
| Diables |
9 |
12 |
11 |
32 |
| Senators |
7 |
11 |
15 |
33 |
|
1st period
1. Diables , Tim Schaller 17 (Mark Fraser 17, Taylor Beck 16) at 8:04
2. Diables , Tyler Bozak 24 (Jon Merrill 22, Matt Murray) at 11:32 (PP)
3. Diables , Tim Schaller 18 (Taylor Beck 17, Steve Quailer 21) at 19:56
Penalties :
Logan Stephenson (BIN) for Boarding (Major) at 8:41
2nd period
4. Diables , Stefan Matteau 4 (Nikita Kucherov 23, Alexandre Burrows 25) at 6:50
5. Diables , Tobias Rieder 13 (Rickard Rakell 10, Pavel Valentenko 10) at 14:38
6. Diables , Nikita Kucherov 35 (Tyler Bozak 47, Alexandre Burrows 26) at 16:14
7. Senators , Jeff Petry 4 (Phil Di Giuseppe 1) at 17:28
Penalties :
Rickard Rakell (Alm) for Cross-checking (Minor) at 7:43, Brandon Prust (Alm) for Interference (Minor) at 11:44, Patrick Bordeleau (BIN) for Roughing (Minor) at 19:20
3rd period
8. Senators , Matt Frattin 18 (Patrick Bordeleau 11, Shane Prince 8) at 19:04
Penalties :
Nikita Kucherov (Alm) for Hooking (Minor) at 5:36, Stephane Da Costa (BIN) for Holding (Minor) at 13:28
Goalie Stats
Matt Murray (Alm), 31 saves from 33 shots - (0.939), W, 5-15-1, 60:00 minutes
Ben Bishop (BIN), 10 saves from 14 shots - (0.714), L, 3-7-2, 26:50 minutes
Brad Thiessen (BIN), 16 saves from 18 shots - (0.889), 33:10 minutes
Players Stats for Diables
Player Name G A P +/- PIM S H SB GA TA FO MP PP MP PK MP
------------------------------------------------------------------------------------
Alexandre Burrows 0 2 2 0 0 1 0 0 1 0 2/2 20:07 3:13 2:20
Brandon Burlon 0 0 0 0 0 0 0 1 0 0 0/0 24:47 3:07 2:45
Brandon Prust 0 0 0 1 2 2 2 0 1 0 0/0 17:29 5:02 0:17
Brian Dumoulin 0 0 0 2 0 2 2 2 0 0 0/0 16:39 3:07 0:00
Carl Gunnarsson 0 0 0 2 0 2 0 2 0 0 0/0 22:12 5:50 0:00
Craig Smith 0 0 0 0 0 2 0 0 0 0 0/1 11:18 0:46 3:11
Jon Merrill 0 1 1 -1 0 0 1 1 0 2 0/0 25:30 5:50 3:12
Kyle Chipchura 0 0 0 0 0 0 0 0 0 0 0/0 1:28 0:00 1:24
Mark Fraser 0 1 1 1 0 1 1 3 0 0 0/0 16:29 0:00 3:12
Nikita Kucherov 1 1 2 0 2 3 0 0 2 0 0/0 17:53 3:13 0:00
Pavel Valentenko 0 1 1 2 0 0 2 0 0 1 0/0 14:23 0:00 2:45
Pierre-Cédric Labrie 0 0 0 0 0 2 0 0 0 1 0/0 7:10 0:00 0:00
Rickard Rakell 0 1 1 1 2 1 3 0 1 0 4/8 15:10 3:10 0:00
Stefan Matteau 1 0 1 0 0 1 1 0 0 0 0/2 8:20 0:32 0:14
Steve Quailer 0 1 1 2 0 3 1 0 1 0 0/1 11:20 0:16 0:00
Taylor Beck 0 2 2 2 0 1 1 0 0 0 1/2 12:55 0:32 1:19
Tim Schaller 2 0 2 2 0 4 2 2 0 0 0/5 14:24 0:00 3:09
Tobias Rieder 1 0 1 1 0 1 2 0 0 0 0/0 16:45 5:02 0:00
Tyler Bozak 1 1 2 0 0 6 0 1 1 2 10/30 19:41 5:05 0:00
Players Stats for Senators
Player Name G A P +/- PIM S H SB GA TA FO MP PP MP PK MP
------------------------------------------------------------------------------------
Chandler Stephenson 0 0 0 -1 0 0 0 0 0 0 0/0 2:30 0:10 0:39
Chris Thorburn 0 0 0 -1 0 3 1 0 1 1 2/4 17:14 3:00 2:01
Freddie Hamilton 0 0 0 -1 0 1 1 1 0 0 0/0 5:51 0:00 0:00
Gabriel Bourque 0 0 0 -1 0 4 2 1 0 1 2/2 20:26 3:10 5:08
Jeff Petry 1 0 1 2 0 2 0 1 0 0 0/0 20:30 1:45 3:06
Keegan Lowe 0 0 0 -4 0 1 0 3 0 0 0/0 15:27 0:00 3:04
Logan Stephenson 0 0 0 -1 5 4 1 4 2 0 0/0 24:12 4:12 2:33
Marc-André Bernier 0 0 0 -1 0 1 1 2 1 0 0/0 14:01 0:00 0:00
Matt Frattin 1 0 1 0 0 3 3 0 0 1 0/0 17:32 2:47 2:01
Nicolas Deslauriers 0 0 0 -4 0 1 0 1 0 1 0/0 13:02 0:00 0:32
Patrick Bordeleau 0 1 1 0 2 3 2 0 0 0 0/0 15:30 2:47 0:00
Patrick Wey 0 0 0 -1 0 1 2 3 1 2 0/0 26:35 4:12 5:19
Phil Di Giuseppe 0 1 1 -1 0 1 0 0 0 0 0/0 7:03 0:00 1:12
Ryan Dzingel 0 0 0 -1 0 2 1 0 0 1 1/2 15:51 0:00 1:42
Shane Prince 0 1 1 -1 0 0 0 0 0 0 5/8 13:45 0:00 0:00
Shane Sims 0 0 0 2 0 1 1 0 1 0 0/0 20:44 1:45 3:20
Stephane Da Costa 0 0 0 -1 2 4 1 0 0 0 18/28 24:22 3:10 4:15
Zemgus Girgensons 0 0 0 0 0 1 4 2 0 0 6/7 16:25 2:47 0:56
3 Stars
1 - Tim Schaller (Alm)
2 - Taylor Beck (Alm)
3 - Tyler Bozak (Alm)
Power Play
Diables - 1 on 4 Attempt(s) - 25.00%
Senators - 0 on 3 Attempt(s) - 0.00%
Penalty Kill
Diables - 3 on 3 Attempt(s) - 100.00%
- Score 0 goal in Penalty Kill
Senators - 3 on 4 Attempt(s) - 75.00%
- Score 0 goal in Penalty Kill
Team Stat
Diables - Hits : 18 - Faceoff Wins : 17 - Blocked Shots : 12 - Penalty Minutes : 6
Senators - Hits : 20 - Faceoff Wins : 34 - Blocked Shots : 18 - Penalty Minutes : 9
Official
Referees : VanMassenhoven Don and StLaurent Francois
Linesman : Don Henderson and Thor Nelson
Game Notes
Brad Thiessen enters game at 6:50 of 2nd period
Finance
Level 1 -- Attendance: 1591 (79.55%) -- Ticket Income $52,503
Level 2 -- Attendance: 704 (70.40%) -- Ticket Income $10,560
Total Attendance: 2295 (76.50%)
Total Ticket Income: $63,063
Other Income: $3,153
Total Income: $66,216
Diables
5 vs 5 Forward
Center Left Wing Right Wing Time % Phy DF OF
1 Tyler Bozak Alexandre Burrows Nikita Kucherov 40 0 2 3
2 Rickard Rakell Brandon Prust Tobias Rieder 30 1 2 2
3 Tim Schaller Taylor Beck Steve Quailer 20 1 2 2
4 Stefan Matteau Pierre-Cédric Labrie Craig Smith 10 1 2 2
5 vs 5 Defense
Defense Defense Time % Phy DF OF
1 Jon Merrill Brandon Burlon 40 1 2 2
2 Mark Fraser Carl Gunnarsson 30 1 2 2
3 Pavel Valentenko Brian Dumoulin 20 1 2 2
4 Carl Gunnarsson Brian Dumoulin 10 1 2 2
PowerPlay Forward
Center Left Wing Right Wing Time % Phy DF OF
1 Tyler Bozak Brandon Prust Tobias Rieder 60 1 2 2
2 Rickard Rakell Alexandre Burrows Nikita Kucherov 40 1 2 2
PowerPlay Defense
Defense Defense Time % Phy DF OF
1 Carl Gunnarsson Jon Merrill 60 1 2 2
2 Brian Dumoulin Brandon Burlon 40 1 2 2
Penalty Kill 4 Players Forward
Center Wing Time % Phy DF OF
1 Tim Schaller Craig Smith 60 1 2 2
2 Kyle Chipchura Alexandre Burrows 40 1 2 2
Penalty Kill 4 Players Defense
Defense Defense Time % Phy DF OF
1 Mark Fraser Jon Merrill 60 1 2 2
2 Pavel Valentenko Brandon Burlon 40 1 2 2
Penalty Kill - 3 Players Forward
Forward Time % Phy DF OF
1 Kyle Chipchura 60 1 2 2
2 Tim Schaller 40 1 2 2
Penalty Kill - 3 Players Defense
Defense Defense Time % Phy DF OF
1 Jon Merrill Carl Gunnarsson 60 1 2 2
2 Brandon Burlon Mark Fraser 40 1 2 2
4 vs 4 Forward
Center Wing Time % Phy DF OF
1 Tyler Bozak Alexandre Burrows 60 1 2 2
2 Tim Schaller Nikita Kucherov 40 1 2 2
4 vs 4 Defense
Defense Defense Time % Phy DF OF
1 Jon Merrill Brian Dumoulin 60 1 2 2
2 Pavel Valentenko Mark Fraser 40 1 2 2
Last Minutes Offensive
Center Left Wing Right Wing Defense Defense
Tyler Bozak Alexandre Burrows Nikita Kucherov Brandon Burlon Jon Merrill
Last Minutes Defensive
Center Left Wing Right Wing Defense Defense
Tyler Bozak Alexandre Burrows Craig Smith Mark Fraser Jon Merrill
Goaltenders
Starting : Matt Murray
Backup : Jean-Francois Berube
Extra Forwards
Normal : Craig Smith, Nikita Kucherov, Kyle Chipchura - PP : Craig Smith, Nikita Kucherov - PK : Taylor Beck
Extra Defensemen
Normal : Brian Dumoulin, Brandon Burlon, Carl Gunnarsson - PP : Brian Dumoulin - PK : Brandon Burlon, Carl Gunnarsson
Penalty Shots
Nikita Kucherov, Tyler Bozak, Alexandre Burrows, Craig Smith, Tim Schaller
Scratches
Louis Leblanc (Healthy), Gemel Smith (Healthy), Olli Maatta (Bruised Right Foot Injury), Jamie Oleksiak (Healthy), Matt Lindblad (Healthy)
Christian Thomas (Healthy), Borna Rendulic (Healthy), Adam Clendening (Healthy), Eric Karlsson (Healthy), Brett Ritchie (Healthy)
Blake Coleman (Healthy), Daniel Zaar (Healthy), Andrew O'Brien (Healthy), Keith Seabrook (Healthy), Marc-André Bourdon (Healthy)
Linus Ullmark (Healthy)
Senators
5 vs 5 Forward
Center Left Wing Right Wing Time % Phy DF OF
1 Stephane Da Costa Gabriel Bourque Chris Thorburn 40 1 2 2
2 Zemgus Girgensons Patrick Bordeleau Matt Frattin 30 1 2 2
3 Shane Prince Ryan Dzingel Marc-André Bernier 20 1 2 2
4 Freddie Hamilton Phil Di Giuseppe Stephane Da Costa 10 1 2 2
5 vs 5 Defense
Defense Defense Time % Phy DF OF
1 Logan Stephenson Patrick Wey 40 1 2 2
2 Shane Sims Jeff Petry 30 1 2 2
3 Nicolas Deslauriers Keegan Lowe 20 1 2 2
4 Logan Stephenson Patrick Wey 10 1 2 2
PowerPlay Forward
Center Left Wing Right Wing Time % Phy DF OF
1 Stephane Da Costa Gabriel Bourque Chris Thorburn 60 1 2 2
2 Zemgus Girgensons Patrick Bordeleau Matt Frattin 40 1 2 2
PowerPlay Defense
Defense Defense Time % Phy DF OF
1 Logan Stephenson Patrick Wey 60 1 2 2
2 Shane Sims Jeff Petry 40 1 2 2
Penalty Kill 4 Players Forward
Center Wing Time % Phy DF OF
1 Stephane Da Costa Gabriel Bourque 60 1 2 2
2 Chris Thorburn Matt Frattin 40 1 2 2
Penalty Kill 4 Players Defense
Defense Defense Time % Phy DF OF
1 Logan Stephenson Patrick Wey 60 1 2 2
2 Shane Sims Jeff Petry 40 1 2 2
Penalty Kill - 3 Players Forward
Forward Time % Phy DF OF
1 Stephane Da Costa 60 1 2 2
2 Gabriel Bourque 40 1 2 2
Penalty Kill - 3 Players Defense
Defense Defense Time % Phy DF OF
1 Logan Stephenson Patrick Wey 60 1 2 2
2 Shane Sims Jeff Petry 40 1 2 2
4 vs 4 Forward
Center Wing Time % Phy DF OF
1 Stephane Da Costa Gabriel Bourque 60 1 2 2
2 Chris Thorburn Matt Frattin 40 1 2 2
4 vs 4 Defense
Defense Defense Time % Phy DF OF
1 Logan Stephenson Patrick Wey 60 1 2 2
2 Shane Sims Jeff Petry 40 1 2 2
Last Minutes Offensive
Center Left Wing Right Wing Defense Defense
Stephane Da Costa Gabriel Bourque Chris Thorburn Logan Stephenson Patrick Wey
Last Minutes Defensive
Center Left Wing Right Wing Defense Defense
Stephane Da Costa Gabriel Bourque Chris Thorburn Logan Stephenson Patrick Wey
Goaltenders
Starting : Ben Bishop
Backup : Brad Thiessen
Extra Forwards
Normal : Chandler Stephenson, Marc-André Bernier, Ryan Dzingel - PP : Chandler Stephenson, Marc-André Bernier - PK : Ryan Dzingel
Extra Defensemen
Normal : Nicolas Deslauriers, Keegan Lowe, Shane Sims - PP : Nicolas Deslauriers - PK : Keegan Lowe, Shane Sims
Penalty Shots
Stephane Da Costa, Gabriel Bourque, Chris Thorburn, Matt Frattin, Patrick Bordeleau
Scratches
Gabriel Landeskog (Right Leg Injury), Tomas Jurco (Left Leg Injury), Dylan Blujus (Healthy), Tommy Wingels (Bruised Right Arm Injury), Matt Tomkins (Healthy)
% Time on Ice - Diables
Lines # - Real PCT - Wanted PCT - Time Play
Normal Forward
1 - 34% - 40% - 15:11
2 - 26% - 30% - 11:41
3 - 25% - 20% - 11:04
4 - 16% - 10% - 7:10
Normal Defense
1 - 37% - 40% - 16:49
2 - 34% - 30% - 15:18
3 - 22% - 20% - 9:43
4 - 7% - 10% - 3:16
PP Forward
1 - 62% - 60% - 5:35
2 - 38% - 40% - 3:22
PP Defense
1 - 65% - 60% - 5:50
2 - 35% - 40% - 3:07
PK Forward
1 - 76% - 60% - 4:33
2 - 24% - 40% - 1:24
PK Defense
1 - 54% - 60% - 3:12
2 - 46% - 40% - 2:45
PK3 Forward
1 - 0% - 60%
2 - 0% - 40%
PK3 Defense
1 - 0% - 60%
2 - 0% - 40%
44 Forward
1 - 0% - 60%
2 - 0% - 40%
44 Defense
1 - 0% - 60%
2 - 0% - 40%
Last Minute Offensive - 0:00
Last Minute Defensive - 0:00
Total
Forward - 60:00
Defense - 60:00
|
% Time on Ice - Senators
Lines # - Real PCT - Wanted PCT - Time Play
Normal Forward
1 - 28% - 40% - 12:46
2 - 28% - 30% - 12:44
3 - 30% - 20% - 13:45
4 - 13% - 10% - 5:51
Normal Defense
1 - 36% - 40% - 16:27
2 - 35% - 30% - 15:39
3 - 27% - 20% - 12:23
4 - 1% - 10% - 0:37
PP Forward
1 - 53% - 60% - 3:10
2 - 47% - 40% - 2:47
PP Defense
1 - 71% - 60% - 4:12
2 - 29% - 40% - 1:45
PK Forward
1 - 77% - 60% - 6:56
2 - 23% - 40% - 2:01
PK Defense
1 - 65% - 60% - 5:51
2 - 35% - 40% - 3:06
PK3 Forward
1 - 0% - 60%
2 - 0% - 40%
PK3 Defense
1 - 0% - 60%
2 - 0% - 40%
44 Forward
1 - 0% - 60%
2 - 0% - 40%
44 Defense
1 - 0% - 60%
2 - 0% - 40%
Last Minute Offensive - 0:00
Last Minute Defensive - 0:00
Total
Forward - 60:00
Defense - 60:00
|
Play by Play
1st period
0:01 of 1st period - Stephane Da Costa wins face-off versus Tyler Bozak in neutral zone.
0:04 of 1st period - Wrist shot by Patrick Wey.
0:04 of 1st period - Stopped by Matt Murray with a rebound.
1:50 of 1st period - Snap shot by Rickard Rakell.
1:50 of 1st period - Deflect By Brandon Prust.
1:50 of 1st period - Shot Misses the Net.
1:50 of 1st period - Puck is out of play.
1:51 of 1st period - Rickard Rakell wins face-off versus Stephane Da Costa in Senators zone.
2:00 of 1st period - Nicolas Deslauriers is hit by Brian Dumoulin and loses puck.
2:45 of 1st period - Slapshot by Patrick Bordeleau.
2:45 of 1st period - Stopped by Matt Murray without a rebound.
2:46 of 1st period - Gabriel Bourque wins face-off versus Tyler Bozak in Diables zone.
2:49 of 1st period - Wrist shot by Chris Thorburn.
2:49 of 1st period - Stopped by Matt Murray without a rebound.
2:50 of 1st period - Stephane Da Costa wins face-off versus Tyler Bozak in Diables zone.
3:03 of 1st period - Backhand shot by Gabriel Bourque.
3:03 of 1st period - Shot Misses the Net.
3:05 of 1st period - Snap shot by Gabriel Bourque.
3:05 of 1st period - Stopped by Matt Murray with a rebound.
5:20 of 1st period - Logan Stephenson is hit by Mark Fraser and loses puck.
5:55 of 1st period - Slapshot by Nikita Kucherov.
5:55 of 1st period - Stopped by Ben Bishop with a rebound.
7:13 of 1st period - Slapshot by Shane Sims.
7:13 of 1st period - Deflect By Phil Di Giuseppe.
7:13 of 1st period - Shot Blocked by Jon Merrill.
7:13 of 1st period - Puck is out of play.
7:14 of 1st period - Shane Prince wins face-off versus Rickard Rakell in Diables zone.
7:39 of 1st period - Mark Fraser is hit by Zemgus Girgensons and loses puck.
7:48 of 1st period - Snap shot by Patrick Bordeleau.
7:48 of 1st period - Stopped by Matt Murray with a rebound.
7:50 of 1st period - Snap shot by Patrick Bordeleau.
7:50 of 1st period - Shot Blocked by Mark Fraser.
8:00 of 1st period - Snap shot by Tim Schaller.
8:00 of 1st period - Shot Misses the Net.
8:02 of 1st period - Slapshot by Mark Fraser.
8:02 of 1st period - Stopped by Ben Bishop with a rebound.
8:04 of 1st period - Backhand shot by Tim Schaller.
8:04 of 1st period - Goal by Tim Schaller - Diables : 1 - Senators : 0.
8:05 of 1st period - Stephane Da Costa wins face-off versus Tyler Bozak in neutral zone.
8:41 of 1st period - Major Penalty to Logan Stephenson for Boarding.
8:42 of 1st period - Gabriel Bourque wins face-off versus Tyler Bozak in Senators zone.
9:16 of 1st period - Snap shot by Alexandre Burrows.
9:16 of 1st period - Deflect By Nikita Kucherov.
9:16 of 1st period - Shot Misses the Net.
9:16 of 1st period - Puck is out of play.
9:17 of 1st period - Alexandre Burrows wins face-off versus Chris Thorburn in Senators zone.
10:11 of 1st period - Icing by Nikita Kucherov.
10:12 of 1st period - Ryan Dzingel wins face-off versus Tyler Bozak in Diables zone.
11:06 of 1st period - Slapshot by Brandon Prust.
11:06 of 1st period - Shot Misses the Net.
11:32 of 1st period - Wrist shot by Tyler Bozak.
11:32 of 1st period - Goal by Tyler Bozak - Diables : 2 - Senators : 0.
11:33 of 1st period - Rickard Rakell wins face-off versus Stephane Da Costa in neutral zone.
11:36 of 1st period - Wrist shot by Nikita Kucherov.
11:36 of 1st period - Shot Misses the Net.
13:41 of 1st period - Penalty to Logan Stephenson is over, Logan Stephenson is back on ice.
13:49 of 1st period - Slapshot by Steve Quailer.
13:49 of 1st period - Shot Blocked by Logan Stephenson.
16:01 of 1st period - Jon Merrill is hit by Stephane Da Costa and loses puck.
16:20 of 1st period - Icing by Stefan Matteau.
16:21 of 1st period - Shane Prince wins face-off versus Stefan Matteau in Diables zone.
16:47 of 1st period - Brandon Prust is hit by Matt Frattin and loses puck.
16:56 of 1st period - Tobias Rieder is hit by Gabriel Bourque and loses puck.
17:17 of 1st period - Slapshot by Marc-André Bernier.
17:17 of 1st period - Deflect By Ryan Dzingel.
17:17 of 1st period - Stopped by Matt Murray with a rebound.
18:01 of 1st period - Alexandre Burrows is hit by Patrick Wey and loses puck.
18:14 of 1st period - Snap shot by Tyler Bozak.
18:14 of 1st period - Stopped by Ben Bishop with a rebound.
18:18 of 1st period - Wrist shot by Taylor Beck.
18:18 of 1st period - Shot Misses the Net.
18:22 of 1st period - Snap shot by Tim Schaller.
18:22 of 1st period - Deflect By Taylor Beck.
18:22 of 1st period - Shot Blocked by Freddie Hamilton.
18:22 of 1st period - Puck is out of play.
18:23 of 1st period - Zemgus Girgensons wins face-off versus Rickard Rakell in Senators zone.
18:23 of 1st period - Zemgus Girgensons is hit by Rickard Rakell.
19:10 of 1st period - Snap shot by Stephane Da Costa.
19:10 of 1st period - Shot Blocked by Brian Dumoulin.
19:12 of 1st period - Slapshot by Stephane Da Costa.
19:12 of 1st period - Stopped by Matt Murray with a rebound.
19:26 of 1st period - Taylor Beck is hit by Zemgus Girgensons and loses puck.
19:35 of 1st period - Keegan Lowe is hit by Pavel Valentenko and loses puck.
19:46 of 1st period - Wrist shot by Taylor Beck.
19:46 of 1st period - Stopped by Ben Bishop with a rebound.
19:48 of 1st period - Snap shot by Steve Quailer.
19:48 of 1st period - Stopped by Ben Bishop with a rebound.
19:50 of 1st period - Snap shot by Taylor Beck.
19:50 of 1st period - Shot Misses the Net.
19:52 of 1st period - Snap shot by Tim Schaller.
19:52 of 1st period - Stopped by Ben Bishop with a rebound.
19:54 of 1st period - Wrist shot by Tim Schaller.
19:54 of 1st period - Shot Misses the Net.
19:56 of 1st period - Slapshot by Tim Schaller.
19:56 of 1st period - Goal by Tim Schaller - Diables : 3 - Senators : 0.
19:57 of 1st period - Stephane Da Costa wins face-off versus Tyler Bozak in neutral zone.
Goals for this period are 3 for Diables vs 0 for Senators.
Shots for this period are 9 for Diables vs 7 for Senators.
2nd period
0:01 of 2nd period - Stephane Da Costa wins face-off versus Tyler Bozak in neutral zone.
0:12 of 2nd period - Wrist shot by Stephane Da Costa.
0:12 of 2nd period - Shot Misses the Net.
0:42 of 2nd period - Snap shot by Steve Quailer.
0:42 of 2nd period - Shot Blocked by Patrick Wey.
0:58 of 2nd period - Zemgus Girgensons is hit by Brandon Prust and loses puck.
1:16 of 2nd period - Snap shot by Pierre-Cédric Labrie.
1:16 of 2nd period - Stopped by Ben Bishop with a rebound.
1:18 of 2nd period - Snap shot by Craig Smith.
1:18 of 2nd period - Stopped by Ben Bishop with a rebound.
1:39 of 2nd period - Slapshot by Shane Sims.
1:39 of 2nd period - Stopped by Matt Murray without a rebound.
1:40 of 2nd period - Shane Prince wins face-off versus Rickard Rakell in Diables zone.
1:55 of 2nd period - Marc-André Bernier is hit by Rickard Rakell and loses puck.
2:32 of 2nd period - Wrist shot by Rickard Rakell.
2:32 of 2nd period - Deflect By Brandon Prust.
2:32 of 2nd period - Shot Blocked by Keegan Lowe.
2:32 of 2nd period - Puck is out of play.
2:33 of 2nd period - Zemgus Girgensons wins face-off versus Tyler Bozak in Senators zone.
4:06 of 2nd period - Wrist shot by Marc-André Bernier.
4:06 of 2nd period - Shot Misses the Net.
4:08 of 2nd period - Wrist shot by Marc-André Bernier.
4:08 of 2nd period - Shot Blocked by Brandon Burlon.
5:02 of 2nd period - Taylor Beck is hit by Ryan Dzingel and loses puck.
5:33 of 2nd period - Snap shot by Craig Smith.
5:33 of 2nd period - Stopped by Ben Bishop with a rebound.
5:35 of 2nd period - Slapshot by Pierre-Cédric Labrie.
5:35 of 2nd period - Stopped by Ben Bishop with a rebound.
5:37 of 2nd period - Backhand shot by Jon Merrill.
5:37 of 2nd period - Shot Misses the Net.
5:39 of 2nd period - Wrist shot by Craig Smith.
5:39 of 2nd period - Shot Misses the Net.
5:49 of 2nd period - Slapshot by Nicolas Deslauriers.
5:49 of 2nd period - Stopped by Matt Murray with a rebound.
5:51 of 2nd period - Slapshot by Keegan Lowe.
5:51 of 2nd period - Stopped by Matt Murray with a rebound.
6:18 of 2nd period - Slapshot by Shane Sims.
6:18 of 2nd period - Shot Blocked by Brian Dumoulin.
6:20 of 2nd period - Slapshot by Jeff Petry.
6:20 of 2nd period - Shot Blocked by Tim Schaller.
6:26 of 2nd period - Snap shot by Patrick Bordeleau.
6:26 of 2nd period - Stopped by Matt Murray with a rebound.
6:48 of 2nd period - Wrist shot by Nikita Kucherov.
6:48 of 2nd period - Shot Misses the Net.
6:50 of 2nd period - Slapshot by Stefan Matteau.
6:50 of 2nd period - Goal by Stefan Matteau - Diables : 4 - Senators : 0.
6:50 of 2nd period - Brad Thiessen enters game.
6:51 of 2nd period - Tyler Bozak wins face-off versus Chris Thorburn in neutral zone.
6:55 of 2nd period - Snap shot by Jon Merrill.
6:55 of 2nd period - Shot Blocked by Logan Stephenson.
7:30 of 2nd period - Snap shot by Logan Stephenson.
7:30 of 2nd period - Stopped by Matt Murray with a rebound.
7:43 of 2nd period - Minor Penalty to Rickard Rakell for Cross-checking.
7:44 of 2nd period - Stephane Da Costa wins face-off versus Tim Schaller in Diables zone.
7:57 of 2nd period - Wrist shot by Stephane Da Costa.
7:57 of 2nd period - Shot Blocked by Mark Fraser.
7:59 of 2nd period - Snap shot by Patrick Wey.
7:59 of 2nd period - Shot Misses the Net.
8:14 of 2nd period - Craig Smith is hit by Patrick Bordeleau and loses puck.
9:09 of 2nd period - Mark Fraser is hit by Chris Thorburn and loses puck.
9:43 of 2nd period - Penalty to Rickard Rakell is over, Rickard Rakell is back on ice.
10:06 of 2nd period - Backhand shot by Ryan Dzingel.
10:06 of 2nd period - Stopped by Matt Murray without a rebound.
10:07 of 2nd period - Alexandre Burrows wins face-off versus Shane Prince in Diables zone.
10:17 of 2nd period - Off-side.
10:18 of 2nd period - Zemgus Girgensons wins face-off versus Tim Schaller in neutral zone.
10:27 of 2nd period - Taylor Beck is hit by Zemgus Girgensons and loses puck.
10:46 of 2nd period - Wrist shot by Nikita Kucherov.
10:46 of 2nd period - Stopped by Brad Thiessen without a rebound.
10:47 of 2nd period - Shane Prince wins face-off versus Tyler Bozak in Senators zone.
10:52 of 2nd period - Slapshot by Logan Stephenson.
10:52 of 2nd period - Stopped by Matt Murray with a rebound.
10:54 of 2nd period - Snap shot by Marc-André Bernier.
10:54 of 2nd period - Deflect By Ryan Dzingel.
10:54 of 2nd period - Shot Misses the Net.
10:54 of 2nd period - Puck is out of play.
10:55 of 2nd period - Stephane Da Costa wins face-off versus Tyler Bozak in Diables zone.
11:02 of 2nd period - Snap shot by Gabriel Bourque.
11:02 of 2nd period - Stopped by Matt Murray without a rebound.
11:03 of 2nd period - Tyler Bozak wins face-off versus Stephane Da Costa in Diables zone.
11:28 of 2nd period - Alexandre Burrows is hit by Patrick Wey and loses puck.
11:41 of 2nd period - Slapshot by Jeff Petry.
11:41 of 2nd period - Stopped by Matt Murray without a rebound.
11:42 of 2nd period - Rickard Rakell wins face-off versus Stephane Da Costa in Diables zone.
11:44 of 2nd period - Minor Penalty to Brandon Prust for Interference.
11:45 of 2nd period - Stephane Da Costa wins face-off versus Tim Schaller in Diables zone.
13:03 of 2nd period - Icing by Stephane Da Costa.
13:04 of 2nd period - Stephane Da Costa wins face-off versus Taylor Beck in Senators zone.
13:44 of 2nd period - Penalty to Brandon Prust is over, Brandon Prust is back on ice.
14:17 of 2nd period - Pavel Valentenko is hit by Freddie Hamilton and loses puck.
14:30 of 2nd period - Snap shot by Rickard Rakell.
14:30 of 2nd period - Shot Misses the Net.
14:32 of 2nd period - Slapshot by Pavel Valentenko.
14:32 of 2nd period - Shot Misses the Net.
14:34 of 2nd period - Snap shot by Rickard Rakell.
14:34 of 2nd period - Stopped by Brad Thiessen with a rebound.
14:36 of 2nd period - Snap shot by Tobias Rieder.
14:36 of 2nd period - Shot Blocked by Zemgus Girgensons.
14:38 of 2nd period - Wrist shot by Tobias Rieder.
14:38 of 2nd period - Goal by Tobias Rieder - Diables : 5 - Senators : 0.
14:39 of 2nd period - Tyler Bozak wins face-off versus Stephane Da Costa in neutral zone.
15:06 of 2nd period - Mark Fraser is hit by Matt Frattin and loses puck.
15:13 of 2nd period - Snap shot by Matt Frattin.
15:13 of 2nd period - Shot Misses the Net.
15:49 of 2nd period - Freddie Hamilton is hit by Tobias Rieder and loses puck.
15:56 of 2nd period - Snap shot by Freddie Hamilton.
15:56 of 2nd period - Stopped by Matt Murray with a rebound.
16:14 of 2nd period - Slapshot by Nikita Kucherov.
16:14 of 2nd period - Deflect By Stephane Da Costa.
16:14 of 2nd period - Goal by Nikita Kucherov - Diables : 6 - Senators : 0.
16:15 of 2nd period - Tyler Bozak wins face-off versus Stephane Da Costa in neutral zone.
16:31 of 2nd period - Wrist shot by Tyler Bozak.
16:31 of 2nd period - Stopped by Brad Thiessen with a rebound.
16:41 of 2nd period - Carl Gunnarsson is hit by Zemgus Girgensons and loses puck.
17:10 of 2nd period - Snap shot by Steve Quailer.
17:10 of 2nd period - Shot Blocked by Marc-André Bernier.
17:26 of 2nd period - Snap shot by Phil Di Giuseppe.
17:26 of 2nd period - Shot Misses the Net.
17:28 of 2nd period - Slapshot by Jeff Petry.
17:28 of 2nd period - Goal by Jeff Petry - Diables : 6 - Senators : 1.
17:29 of 2nd period - Stephane Da Costa wins face-off versus Tyler Bozak in neutral zone.
17:59 of 2nd period - Pavel Valentenko is hit by Patrick Bordeleau.
18:03 of 2nd period - Wrist shot by Rickard Rakell.
18:03 of 2nd period - Shot Blocked by Patrick Wey.
19:08 of 2nd period - Snap shot by Nikita Kucherov.
19:08 of 2nd period - Shot Blocked by Keegan Lowe.
19:20 of 2nd period - Minor Penalty to Patrick Bordeleau for Roughing.
19:21 of 2nd period - Tyler Bozak wins face-off versus Stephane Da Costa in Senators zone.
19:23 of 2nd period - Wrist shot by Tyler Bozak.
19:23 of 2nd period - Shot Misses the Net.
19:25 of 2nd period - Snap shot by Brandon Prust.
19:25 of 2nd period - Stopped by Brad Thiessen with a rebound.
19:27 of 2nd period - Slapshot by Jon Merrill.
19:27 of 2nd period - Deflect By Tyler Bozak.
19:27 of 2nd period - Stopped by Brad Thiessen without a rebound.
19:28 of 2nd period - Stephane Da Costa wins face-off versus Tyler Bozak in Senators zone.
19:39 of 2nd period - Wrist shot by Stephane Da Costa.
19:39 of 2nd period - Shot Blocked by Carl Gunnarsson.
19:53 of 2nd period - Wrist shot by Brandon Prust.
19:53 of 2nd period - Shot Misses the Net.
19:55 of 2nd period - Slapshot by Jon Merrill.
19:55 of 2nd period - Shot Misses the Net.
19:57 of 2nd period - Snap shot by Brandon Prust.
19:57 of 2nd period - Shot Blocked by Logan Stephenson.
Goals for this period are 3 for Diables vs 1 for Senators.
Shots for this period are 12 for Diables vs 11 for Senators.
3rd period
0:01 of 3rd period - Stephane Da Costa wins face-off versus Tyler Bozak in neutral zone.
0:13 of 3rd period - Wrist shot by Tyler Bozak.
0:13 of 3rd period - Stopped by Brad Thiessen without a rebound.
0:14 of 3rd period - Tyler Bozak wins face-off versus Stephane Da Costa in Senators zone.
1:20 of 3rd period - Penalty to Patrick Bordeleau is over, Patrick Bordeleau is back on ice.
1:33 of 3rd period - Wrist shot by Steve Quailer.
1:33 of 3rd period - Shot Blocked by Jeff Petry.
1:51 of 3rd period - Slapshot by Brian Dumoulin.
1:51 of 3rd period - Stopped by Brad Thiessen with a rebound.
1:53 of 3rd period - Wrist shot by Craig Smith.
1:53 of 3rd period - Shot Blocked by Zemgus Girgensons.
1:55 of 3rd period - Slapshot by Pierre-Cédric Labrie.
1:55 of 3rd period - Shot Misses the Net.
2:01 of 3rd period - Wrist shot by Pierre-Cédric Labrie.
2:01 of 3rd period - Shot Misses the Net.
2:03 of 3rd period - Snap shot by Stefan Matteau.
2:03 of 3rd period - Deflect By Craig Smith.
2:03 of 3rd period - Shot Blocked by Keegan Lowe.
2:03 of 3rd period - Puck is out of play.
2:04 of 3rd period - Shane Prince wins face-off versus Tyler Bozak in Senators zone.
2:11 of 3rd period - Slapshot by Marc-André Bernier.
2:11 of 3rd period - Stopped by Matt Murray without a rebound.
2:12 of 3rd period - Tyler Bozak wins face-off versus Shane Prince in Diables zone.
2:12 of 3rd period - Tyler Bozak is hit by Logan Stephenson.
2:41 of 3rd period - Wrist shot by Brandon Prust.
2:41 of 3rd period - Stopped by Brad Thiessen with a rebound.
2:43 of 3rd period - Slapshot by Mark Fraser.
2:43 of 3rd period - Shot Blocked by Gabriel Bourque.
2:45 of 3rd period - Slapshot by Carl Gunnarsson.
2:45 of 3rd period - Stopped by Brad Thiessen without a rebound.
2:46 of 3rd period - Rickard Rakell wins face-off versus Stephane Da Costa in Senators zone.
3:34 of 3rd period - Shane Prince is hit by Tim Schaller and loses puck.
4:03 of 3rd period - Wrist shot by Craig Smith.
4:03 of 3rd period - Shot Blocked by Logan Stephenson.
4:05 of 3rd period - Backhand shot by Stefan Matteau.
4:05 of 3rd period - Deflect By Patrick Wey.
4:05 of 3rd period - Shot Blocked by Patrick Wey.
4:05 of 3rd period - Puck is out of play.
4:06 of 3rd period - Zemgus Girgensons wins face-off versus Tyler Bozak in Senators zone.
4:21 of 3rd period - Slapshot by Tyler Bozak.
4:21 of 3rd period - Shot Blocked by Nicolas Deslauriers.
5:19 of 3rd period - Wrist shot by Matt Frattin.
5:19 of 3rd period - Stopped by Matt Murray without a rebound.
5:20 of 3rd period - Zemgus Girgensons wins face-off versus Tyler Bozak in Diables zone.
5:27 of 3rd period - Slapshot by Matt Frattin.
5:27 of 3rd period - Stopped by Matt Murray with a rebound.
5:29 of 3rd period - Slapshot by Logan Stephenson.
5:29 of 3rd period - Shot Misses the Net.
5:31 of 3rd period - Wrist shot by Zemgus Girgensons.
5:31 of 3rd period - Stopped by Matt Murray with a rebound.
5:33 of 3rd period - Snap shot by Patrick Bordeleau.
5:33 of 3rd period - Deflect By Matt Frattin.
5:33 of 3rd period - Shot Misses the Net.
5:33 of 3rd period - Puck is out of play.
5:34 of 3rd period - Tyler Bozak wins face-off versus Stephane Da Costa in Diables zone.
5:36 of 3rd period - Minor Penalty to Nikita Kucherov for Hooking.
5:37 of 3rd period - Stephane Da Costa wins face-off versus Tim Schaller in Diables zone.
5:45 of 3rd period - Wrist shot by Stephane Da Costa.
5:45 of 3rd period - Shot Blocked by Mark Fraser.
5:47 of 3rd period - Slapshot by Chris Thorburn.
5:47 of 3rd period - Stopped by Matt Murray with a rebound.
5:49 of 3rd period - Wrist shot by Chris Thorburn.
5:49 of 3rd period - Stopped by Matt Murray with a rebound.
5:51 of 3rd period - Slapshot by Patrick Wey.
5:51 of 3rd period - Deflect By Gabriel Bourque.
5:51 of 3rd period - Shot Misses the Net.
5:51 of 3rd period - Puck is out of play.
5:52 of 3rd period - Stephane Da Costa wins face-off versus Tim Schaller in Diables zone.
6:17 of 3rd period - Tim Schaller is hit by Matt Frattin and loses puck.
6:48 of 3rd period - Matt Frattin is hit by Pavel Valentenko and loses puck.
7:14 of 3rd period - Icing by Patrick Wey.
7:15 of 3rd period - Taylor Beck wins face-off versus Zemgus Girgensons in Senators zone.
7:36 of 3rd period - Penalty to Nikita Kucherov is over, Nikita Kucherov is back on ice.
8:16 of 3rd period - Snap shot by Alexandre Burrows.
8:16 of 3rd period - Stopped by Brad Thiessen with a rebound.
8:30 of 3rd period - Brian Dumoulin is hit by Shane Sims and loses puck.
8:34 of 3rd period - Icing by Stefan Matteau.
8:35 of 3rd period - Zemgus Girgensons wins face-off versus Craig Smith in Diables zone.
8:55 of 3rd period - Off-side.
8:56 of 3rd period - Tyler Bozak wins face-off versus Shane Prince in neutral zone.
9:16 of 3rd period - Nikita Kucherov is hit by Marc-André Bernier and loses puck.
9:26 of 3rd period - Off-side.
9:27 of 3rd period - Chris Thorburn wins face-off versus Rickard Rakell in neutral zone.
9:32 of 3rd period - Wrist shot by Gabriel Bourque.
9:32 of 3rd period - Stopped by Matt Murray with a rebound.
9:41 of 3rd period - Snap shot by Stephane Da Costa.
9:41 of 3rd period - Shot Misses the Net.
9:43 of 3rd period - Backhand shot by Gabriel Bourque.
9:43 of 3rd period - Stopped by Matt Murray with a rebound.
9:59 of 3rd period - Slapshot by Tim Schaller.
9:59 of 3rd period - Shot Misses the Net.
10:01 of 3rd period - Slapshot by Brian Dumoulin.
10:01 of 3rd period - Stopped by Brad Thiessen without a rebound.
10:02 of 3rd period - Chris Thorburn wins face-off versus Tyler Bozak in Senators zone.
10:51 of 3rd period - Wrist shot by Ryan Dzingel.
10:51 of 3rd period - Shot Blocked by Carl Gunnarsson.
10:53 of 3rd period - Wrist shot by Shane Prince.
10:53 of 3rd period - Shot Blocked by Tim Schaller.
11:16 of 3rd period - Snap shot by Stephane Da Costa.
11:16 of 3rd period - Stopped by Matt Murray with a rebound.
11:33 of 3rd period - Patrick Bordeleau is hit by Jon Merrill.
12:10 of 3rd period - Snap shot by Stephane Da Costa.
12:10 of 3rd period - Stopped by Matt Murray with a rebound.
12:12 of 3rd period - Snap shot by Stephane Da Costa.
12:12 of 3rd period - Stopped by Matt Murray without a rebound.
12:13 of 3rd period - Stephane Da Costa wins face-off versus Steve Quailer in Diables zone.
12:20 of 3rd period - Chris Thorburn is hit by Steve Quailer and loses puck.
12:33 of 3rd period - Slapshot by Ryan Dzingel.
12:33 of 3rd period - Shot Misses the Net.
13:05 of 3rd period - Wrist shot by Steve Quailer.
13:05 of 3rd period - Shot Blocked by Marc-André Bernier.
13:07 of 3rd period - Snap shot by Steve Quailer.
13:07 of 3rd period - Stopped by Brad Thiessen with a rebound.
13:21 of 3rd period - Snap shot by Steve Quailer.
13:21 of 3rd period - Stopped by Brad Thiessen with a rebound.
13:23 of 3rd period - Snap shot by Tim Schaller.
13:23 of 3rd period - Stopped by Brad Thiessen with a rebound.
13:25 of 3rd period - Slapshot by Carl Gunnarsson.
13:25 of 3rd period - Deflect By Logan Stephenson.
13:25 of 3rd period - Stopped by Brad Thiessen without a rebound.
13:26 of 3rd period - Stephane Da Costa wins face-off versus Tyler Bozak in Senators zone.
13:28 of 3rd period - Minor Penalty to Stephane Da Costa for Holding.
13:29 of 3rd period - Tyler Bozak wins face-off versus Ryan Dzingel in Senators zone.
13:55 of 3rd period - Shane Sims is hit by Rickard Rakell and loses puck.
14:44 of 3rd period - Logan Stephenson is hit by Brandon Prust and loses puck.
15:28 of 3rd period - Penalty to Stephane Da Costa is over, Stephane Da Costa is back on ice.
15:55 of 3rd period - Off-side.
15:56 of 3rd period - Stephane Da Costa wins face-off versus Stefan Matteau in neutral zone.
16:03 of 3rd period - Snap shot by Stephane Da Costa.
16:03 of 3rd period - Shot Misses the Net.
16:23 of 3rd period - Nicolas Deslauriers is hit by Taylor Beck and loses puck.
16:32 of 3rd period - Ryan Dzingel is hit by Brian Dumoulin and loses puck.
16:45 of 3rd period - Slapshot by Logan Stephenson.
16:45 of 3rd period - Stopped by Matt Murray with a rebound.
16:47 of 3rd period - Snap shot by Logan Stephenson.
16:47 of 3rd period - Stopped by Matt Murray with a rebound.
16:49 of 3rd period - Slapshot by Jeff Petry.
16:49 of 3rd period - Shot Blocked by Tyler Bozak.
16:51 of 3rd period - Snap shot by Phil Di Giuseppe.
16:51 of 3rd period - Stopped by Matt Murray with a rebound.
17:01 of 3rd period - Matt Frattin is hit by Tobias Rieder and loses puck.
17:20 of 3rd period - Jeff Petry is hit by Stefan Matteau and loses puck.
17:42 of 3rd period - Ryan Dzingel is hit by Tim Schaller and loses puck.
18:28 of 3rd period - Mark Fraser is hit by Gabriel Bourque and loses puck.
18:43 of 3rd period - Wrist shot by Tyler Bozak.
18:43 of 3rd period - Stopped by Brad Thiessen with a rebound.
18:45 of 3rd period - Wrist shot by Nikita Kucherov.
18:45 of 3rd period - Shot Misses the Net.
19:04 of 3rd period - Snap shot by Matt Frattin.
19:04 of 3rd period - Goal by Matt Frattin - Diables : 6 - Senators : 2.
19:05 of 3rd period - Stephane Da Costa wins face-off versus Tyler Bozak in neutral zone.
Goals for this period are 0 for Diables vs 1 for Senators.
Shots for this period are 11 for Diables vs 15 for Senators.
Back to the Top